 Dungeon Crawl Stone Soup version 0.26-a0-30-g56b8cd3df0 (webtiles) character file.

Game seed: 4342616772252781022, levelgen mode: deterministic

44 Gwenloh the Shooter (level 3, 0/30 HPs)
             Began as a Centaur Hunter on May 29, 2020.
             Slain by a hippogriff (11 damage)
             ... on level 2 of the Dungeon.
             The game lasted 00:07:49 (1709 turns).

Gwenloh the Shooter (Centaur Hunter)                Turns: 1709, Time: 00:07:49

Health: 0/30       AC:  4    Str: 14    XL:     3   Next: 39%
Magic:  3/3        EV:  9    Int: 10    God:
Gold:   97         SH:  0    Dex: 10    Spells: 2/2 levels left

rFire    . . .     SeeInvis .   b - +0 short sword
rCold    . . .     Gourm    .   (no shield)
rNeg     . . .     Faith    .   c - +0 leather armour
rPois    .         Spirit   .   (no helmet)
rElec    .         Reflect  .   (no cloak)
rCorr    .         Harm     .   (no gloves)
MR       .....                  (no barding)
Stlth    +.........             (no amulet)
HPRegen  0.10/turn              (no ring)
MPRegen  0.08/turn              (no ring)

@: very quick
A: large, hooves 3, deformed body, speed 2, tough skin 3
a: no special abilities


You were on level 2 of the Dungeon.
You were hungry.

You visited 1 branch of the dungeon, and saw 2 of its levels.

You collected 97 gold pieces.

Inventory:

Hand Weapons
 a - a +1 shortbow
 b - a +0 short sword (weapon)
Missiles
 d - 38 arrows
Armour
 c - a +0 leather armour (worn)
Scrolls
 e - 2 scrolls of identify {unknown}
 h - a scroll of amnesia {unknown}
 i - a scroll of fog {unknown}
 l - a scroll of random uselessness {unknown}
Potions
 m - a potion of lignification {unknown}
Comestibles
 f - 2 rations


   Skills:
 * Level 2.8 Fighting
 * Level 6.0 Bows
 + Level 1.7 Dodging
 - Level 0.4 Stealth


You had 2 spell levels left.
You didn't know any spells.
Your spell library was empty.

Dungeon Overview and Level Annotations

Branches:
Dungeon (2/15)

Altars:


Innate Abilities, Weirdness & Mutations

You have hooves in place of feet.
Armour fits poorly on your strangely shaped body.
You cover ground very quickly.
You have extremely tough skin. (AC +3)


Message History

Firing (i - inventory)
d - 40 arrows (quivered)
Press: ? - help, Shift-Dir - straight line, f/p - hippogriff
Aim: a hippogriff (moderately wounded)
You shoot an arrow.
The arrow hits the hippogriff but does no damage.
The hippogriff is moderately wounded.
Firing (i - inventory)
d - 39 arrows (quivered)
Press: ? - help, Shift-Dir - straight line, f/p - hippogriff
Aim: a hippogriff (moderately wounded)
You shoot an arrow. The arrow barely misses the hippogriff.
The hippogriff bites you. The hippogriff pecks you!
The hippogriff closely misses you.
b - a +0 short sword (weapon)
You are feeling hungry.
The hippogriff bites you. The hippogriff pecks you.
The hippogriff barely misses you.
You barely miss the hippogriff.
The hippogriff is moderately wounded.
The hippogriff bites you!
You die...

###.#.(###.#.#
#........##.#.#
##...###(..<#.# ###.
#.......#
#.##.....[.######.#
#.................#
##...).((....#
#...(...(##.#
#..@H(.(.##.#
#........##.####
#.#########....# #.#
#........# #.#
#.######## ###.### #.#
#.#....<###.#
#......>H....########
#.###.................


You could see a hippogriff.

Vanquished Creatures
  An adder (D:2)
  2 dart slugs (D:1)
  A leopard gecko (D:2)
  2 giant cockroaches (D:1)
  4 goblins
  4 hobgoblins (D:1)
  3 jackals (D:1)
  2 kobolds (D:1)
  A quokka (D:2)
  A ball python (D:1)
  3 bats
  2 frilled lizards
26 creatures vanquished.

Notes
Turn   | Place    | Note
-------+----------+-------------------------------------------
     0 | D:1      | Gwenloh the Centaur Hunter began the quest for the Orb.
     0 | D:1      | Reached XP level 1. HP: 17/17 MP: 1/1
   144 | D:1      | Reached XP level 2. HP: 25/25 MP: 2/2
  1017 | D:2      | Noticed a hippogriff
  1270 | D:2      | Reached XP level 3. HP: 29/30 MP: 3/3
  1360 | D:2      | Reached skill level 6 in Bows
  1709 | D:2      | Slain by a hippogriff

Illustrated notes

Levels and vault maps discovered:
D:1:      heliophobic_arrival_henge, layout_basic, minmay_misc_feat_columns
D:2:      layout_loops_ring, gammafunk_temple_overflow_pools

Skill      XL: |  1  2  3 |
---------------+----------+-----
Bows           | 6 |  6.0
Fighting       | |  2.8
Dodging        | |  1.7
Stealth        | |  0.4

Action                   || total
-------------------------++-------
Melee: Short sword       ||    51
       Kick              ||     6
 Fire: Shortbow          ||    77
  Use: Potion            ||     2
  Eat: Chunk             ||     1
Armor: Leather armour    ||    24
Dodge: Dodged            ||    39

Table legend:
 A = Non-vault XP
 B = Vault XP
 C = Vault XP percentage of total XP
 D = Non-vault monster count
 E = Vault monster count
 F = Vault count percentage of total count
                 A         B        C        D         E       F
            +---------+---------+-------+---------+---------+-------
      Total |      63 |       0 |   0.0 |      26 |       0 |   0.0
            +---------+---------+-------+---------+---------+-------
        D:1 |      39 |       0 |   0.0 |      19 |       0 |   0.0
        D:2 |      24 |       0 |   0.0 |       7 |       0 |   0.0
            +---------+---------+-------+---------+---------+-------
